 Dungeon Crawl Stone Soup version 0.30-a0-1066-g63dfefce0d (webtiles) character file.

Game seed: 13838019095867253070

2 Esekla the Sneak (level 1, 16/16 HPs)
             Began as an Octopode Delver on Apr 12, 2023.
             Quit the game on level 5 of the Dungeon.
             The game lasted 00:01:46 (332 turns).

Esekla the Sneak (Octopode Delver)                   Turns: 332, Time: 00:01:46

Health: 16/16      AC:  1    Str: 11    XL:     1   Next: 30%
Magic:  1/1        EV: 13    Int: 12    God:
Gold:   32         SH:  0    Dex: 13    Spells: 0/0 levels left

rFire   . . .      SeeInvis .    a - +0 falchion
rCold   . . .      Faith    .    (no shield)
rNeg    . . .      Spirit   .    (helmet restricted)
rPois   .          Reflect  .    (no amulet)
rElec   .          Rampage  .    (no ring)
rCorr   .                        (no ring)
Will    .....                    (no ring)
Stlth   ++++                     (no ring)
HPRegen 0.22/turn                (no ring)
MPRegen 0.07/turn                (no ring)
                                 (no ring)
                                 (no ring)

@: no status effects
A: almost no armour, amphibious, 8 rings, camouflage 1, gelatinous body 1,
(nimble swimmer 1), tentacles
a: no special abilities


You were on level 5 of the Dungeon.
You visited 2 branches of the dungeon, and saw 2 of its levels.

You collected 32 gold pieces.

Inventory:

Hand Weapons
 a - a +0 falchion (weapon)
Wands
 f - a wand of digging (3)
Scrolls
 b - a scroll of fog
Potions
 e - a potion of haste


   Skills:
 * Level 3.0 Fighting
 * Level 2.0 Long Blades
 * Level 2.0 Dodging
 + Level 6.6 Stealth
 * Level 0.1 Spellcasting


You couldn't memorise any spells.
You didn't know any spells.
Your spell library was empty.

Dungeon Overview and Level Annotations

Branches:
Dungeon (5/15)             Temple (1/1) D:5

Altars:
Cheibriados
Fedhas
Hepliaklqana
Kikubaaqudgha
Makhleb
Qazlal
Sif Muna
Uskayaw
Vehumet


Innate Abilities, Weirdness & Mutations

You cannot wear most types of armour.
You are amphibious.
You can wear up to eight rings at the same time.
Your skin changes colour to match your surroundings (Stealth+).
Your rubbery body absorbs attacks. (AC +1, EV +1)
((You are camouflaged when in or above water. (Stealth+)))
You have tentacles for arms and can constrict up to eight enemies at once.


Message History

There is a staircase to the Ecumenical Temple here.
An orc comes into view. It is wielding a +0 club.
The orc hits you with a +0 flail!
Ouch! That really hurt!
You climb downwards.
Welcome back to the Ecumenical Temple!
There is a staircase back to the Dungeon here.
You closely miss the orc. Your grab misses the orc.
Your squeeze misses the orc. The orc misses you.
You hit the orc. You grab the orc.
The orc is severely wounded.
You constrict the orc. The orc barely misses you.
You hit the orc but do no damage. You squeeze the orc.
You kill the orc!
Things that are here:
a +0 flail; a +0 leather armour You start resting.
HP restored.
There is a staircase back to the Dungeon here.
You climb upwards.
The orc hits you with a +0 hand axe. The orc hits you with a +0 club.
The iguana closely misses you. The orc hits you with a +0 hand axe.
The iguana completely misses you. The orc hits you but does no damage.
There is a staircase to the Ecumenical Temple, spattered with blood here.
As you read the scroll of fear, it crumbles to dust.
You assume a fearsome visage.
The butterfly looks frightened!
The iguana looks frightened!
The orc priest looks frightened!
The orc looks frightened! x2
The orc shouts!
Found a war axe.
You open the door.
There is an open door here.
You close the door.
You open the door.
There is an open door here.
You close the door.
You start resting.
HP restored.
Found a hide-covered altar of Uskayaw.
Found a snail-covered altar of Cheibriados.
Are you sure you want to abandon this character and quit the game? (Confirm with "yes".)

*,,,,,,+,........#,.....
**,,,,,*,........#......
*,,,,,,*,........#,,,,,,
*,,,,#####)......#,,,,,,
*****#...#..##...#******
#._.#..*###+##,,,,,
#...######+..#,,,,,
#.###.#...#..#,,,,,
##@...#.#.#..+,,,,,
#.##...#.#..#,,,,,
#.#...##.#.##,,,,,
#.#.#....###*,,>,,
*#...#.###.#,,,,,,,
*+######...#,,,,,,,
*,,,,,,#._.#,,,,,,,
****,,,#...#,,,,,,,
*,,,,,,#####,,,,,,,


There were no monsters in sight!

Vanquished Creatures
  An orc (Temple)
1 creature vanquished.

Notes
Turn   | Place    | Note
-------+----------+-------------------------------------------
     0 | D:5      | Esekla the Octopode Delver began the quest for the Orb.
     0 | D:5      | Reached XP level 1. HP: 16/16 MP: 1/1
    19 | D:5      | Found a staircase to the Ecumenical Temple.
    19 | D:5      | Noticed a scorpion
   137 | Temple   | Entered the Ecumenical Temple
   225 | D:5      | Noticed an orc priest
   225 | D:5      | Noticed an iguana
   321 | D:5      | Found a hide-covered altar of Uskayaw.
   330 | D:5      | Found a snail-covered altar of Cheibriados.
   332 | D:5      | Quit the game

Illustrated notes

Levels and vault maps discovered:
D:5:      layout_gridville, mainiacjoe_overflow_swirl,
          minmay_temple_entry_butterflies
Temple:   nicolae_temple_great_sept

Action                     || total
---------------------------++-------
  Melee: Falchion          ||     3
         Constrict         ||     1
         Tentacles         ||     1
    Use: Scroll            ||     2
 Armour: Skin              ||     1
  Dodge: Dodged            ||     4

Table legend: (Time is in decaauts)
 A = Elapsed time spent in this place.
 B = Non-inter-level travel time spent in this place.
 C = Inter-level travel time spent in this place.
 D = Time resting spent in this place.
 E = Time spent auto-exploring this place.
 F = Levels seen in this place.
 G = Mean time per level.
                   A        B        C        D        E       F      G
               +--------+--------+--------+--------+--------+-----+--------+
         Total |    333 |    320 |     13 |    160 |     67 |   2 |  166.5 |
       Dungeon |    204 |    204 |      0 |    126 |      0 |   1 |  204.0 |
        Temple |    129 |    116 |     13 |     34 |     67 |   1 |  129.0 |
               +--------+--------+--------+--------+--------+-----+--------+

Top non-repeatable levels by time:
     D:5: 204 daAuts
  Temple: 129 daAuts
